 Dungeon Crawl Stone Soup version 0.22-a0-322-g60b3cfd (webtiles) character file.

17258 ololoev the Geomancer (level 12, 0/85 HPs)
             Began as a Ghoul Earth Elementalist on Apr 5, 2018.
             Was an Elder of Vehumet.
             Killed from afar by a lindwurm (38 damage)
             ... with a blast of flame
             ... on level 3 of the Lair of Beasts.
             The game lasted 01:19:21 (15949 turns).

ololoev the Geomancer (Ghoul Earth Elementalist)   Turns: 15949, Time: 01:19:22

Health: 0/85       AC:  7    Str: 13    XL:     12   Next: 46%
Magic:  0/24       EV: 12    Int: 14    God:    Vehumet [****..]
Gold:   500        SH:  4    Dex:  9    Spells: 5/30 levels left

rFire    . . .     SeeInvis .   a - +4 dagger
rCold    + . .     Gourm    .   (no shield)
rNeg     + + +     Faith    .   y - +0 troll leather armour
rPois    ∞         Spirit   .   g - +0 helmet
rElec    .         Reflect  +   u - +0 cloak
rCorr    .         Harm     .   o - +0 pair of gloves
MR       +....                  (no boots)
Stlth    ++........             c - +4 amulet of reflection
HPRegen  0.00/turn              i - ring of protection from magic
MPRegen  0.19/turn              e - ring of wizardry

@: rotting
A: rotting body, claws 1, carnivore, cold resistance 1, negative energy
resistance 3, inhibited regeneration, torment resistance, unbreathing
a: Renounce Religion


Innate Abilities, Weirdness & Mutations

Your body is rotting away.
You thrive on raw meat.
You are immune to poison.
You have sharp fingernails.
You are carnivorous and can eat meat at any time.
Your flesh is cold resistant. (rC+)
You are immune to negative energy. (rN+++)
You do not regenerate when monsters are visible.
You are immune to unholy pain and torment.
You can survive without breathing.

Inventory:

Hand Weapons
 a - a +4 dagger (weapon)
Missiles
 b - 66 stones (quivered)
 v - 4 throwing nets
Armour
 g - a +0 helmet (worn)
 o - a +0 pair of gloves (worn)
 u - a +0 cloak (worn)
 w - the +7 scale mail of the Other Side {rElec, unknown}
   (You took it off a gnoll shaman in a bailey)

   It insulates you from electricity.
 y - a +0 troll leather armour (worn)
Magical Staves
 p - an uncursed staff of wizardry
Jewellery
 c - a +4 amulet of reflection (around neck)
 e - a ring of wizardry (right hand)
 i - a ring of protection from magic (left hand)
 m - an uncursed ring of poison resistance {unknown}
Wands
 E - a wand of iceblast (8)
 K - a wand of random effects (9)
Scrolls
 k - a scroll of blinking
 l - 2 scrolls of amnesia
 n - 3 scrolls of immolation
 t - 2 scrolls of identify
 x - a scroll of remove curse
 A - 2 scrolls of fear
 B - a scroll of enchant armour
 F - 2 scrolls of teleportation
 I - a scroll of fog {unknown}
 J - 2 scrolls of enchant weapon {unknown}
Potions
 f - a potion of heal wounds
 h - a potion of haste {unknown}
 j - 3 potions of agility
 r - 3 potions of curing
 s - 2 potions of lignification {unknown}
 z - a potion of cancellation {unknown}
 C - 2 potions of brilliance {unknown}
 D - a potion of resistance {unknown}
 N - 5 potions of invisibility {unknown}
Miscellaneous
 G - a lightning rod (2/4)
Comestibles
 d - 25 rations


   Skills:
 + Level 2.0 Fighting
 * Level 2.2 Short Blades
 + Level 1.6 Armour
 + Level 2.6 Dodging
 * Level 4.1 Stealth
 * Level 9.6 Spellcasting
 * Level 7.6 Conjurations
 - Level 3.0 Translocations
 - Level 0.8 Transmutations
 + Level 5.2 Fire Magic
 - Level 12.0 Earth Magic


You had 5 spell levels left.
You knew the following spells:

 Your Spells              Type           Power        Failure   Level  Hunger
a - Sandblast             Erth           #####.       1%          1    None
b - Inner Flame           Hex/Fire       ##......     1%          3    #......
c - Lee's Rapid Deconstr  Erth           #####.....   1%          5    #####..
d - Petrify               Tmut/Erth      ###.....     4%          4    ###....
e - Conjure Flame         Conj/Fire      ###.....     1%          3    #......
f - Mephitic Cloud        Conj/Pois/Air  ##......     1%          3    #......
g - Animate Skeleton      Necr           N/A          6%          1    None
k - Blink                 Tloc           N/A          2%          2    None
p - Apportation           Tloc           ###...       1%          1    None
w - Passwall              Tmut/Erth      ###.......   1%          2    None


You were on level 3 of the Lair of Beasts.
You worshipped Vehumet.
Vehumet was greatly pleased with you.
You were not hungry.

You visited 4 branches of the dungeon, and saw 15 of its levels.
You also visited: Bailey.

You collected 799 gold pieces.
You spent 299 gold pieces at shops.

....# .... #...
# ... ##. #. ..
... ####.###.
..##
........#....##
..P....@k§.....
..#P..#.§§§....
##. #######.. #

Notes
Turn   | Place    | Note
-------+----------+-------------------------------------------
     0 | D:1      | ololoev the Ghoul Earth Elementalist began the quest for the Orb.
     0 | D:1      | Reached XP level 1. HP: 14/14 MP: 2/2
   145 | D:1      | Reached XP level 2. HP: 16/20 MP: 4/4
   428 | D:1      | Reached XP level 3. HP: 21/26 MP: 5/5
   458 | D:1      | Reached skill level 4 in Earth Magic
  1624 | D:3      | Noticed Ijyb
  1659 | D:3      | Learned a level 2 spell: Passwall
  1700 | D:3      | Reached XP level 4. HP: 23/33 MP: 7/7
  1863 | D:3      | Noticed Terence
  2368 | D:3      | Found a bloodstained altar of Trog.
  2461 | D:3      | Killed Ijyb
  2628 | D:4      | Noticed Gildeon's ghost (amateur GrFi)
  2643 | D:3      | Learned a level 3 spell: Stone Arrow
  2672 | D:4      | Found an opulent altar of Gozag.
  2672 | D:4      | Found a sparkling altar of Nemelex Xobeh.
  2724 | D:3      | Reached XP level 5. HP: 14/37 MP: 5/8
  2918 | D:4      | Reached skill level 5 in Earth Magic
  3224 | D:4      | Found a shimmering altar of Xom.
  3225 | D:4      | Found a hazy altar of Hepliaklqana.
  3225 | D:4      | Found a blossoming altar of Fedhas.
  3240 | D:4      | Found a bloodstained altar of Trog.
  3240 | D:4      | Found a sacrificial altar of Ru.
  3475 | D:5      | Entered Level 5 of the Dungeon
  3495 | D:5      | Noticed an ogre
  3644 | D:4      | Reached skill level 1 in Conjurations
  3668 | D:4      | Reached XP level 6. HP: 45/45 MP: 8/10
  4404 | D:5      | Learned a level 5 spell: Lee's Rapid Deconstruction
  4435 | D:5      | Reached skill level 6 in Earth Magic
  4435 | D:5      | Reached XP level 7. HP: 50/50 MP: 4/12
  4543 | D:5      | Found a staircase to the Ecumenical Temple.
  4543 | D:5      | Found a basalt altar of Yredelemnul.
  4543 | D:5      | Found a glowing golden altar of the Shining One.
  4544 | D:5      | Found an ornate altar of the Wu Jian Council.
  4544 | D:5      | Found a shadowy altar of Dithmenos.
  4550 | Temple   | Entered the Ecumenical Temple
  4648 | Temple   | Became a worshipper of Vehumet
  4683 | D:5      | Found an opulent altar of Gozag.
  4683 | D:5      | Found a snail-covered altar of Cheibriados.
  4683 | D:5      | Found a shimmering altar of Xom.
  4683 | D:5      | Found a shimmering altar of Xom.
  4683 | D:5      | Found a stormy altar of Qazlal.
  4684 | D:5      | Found a radiant altar of Vehumet.
  4684 | D:5      | Found an iron altar of Okawaru.
  4684 | D:5      | Found a burning altar of Makhleb.
  5585 | D:6      | Found a deep blue altar of Sif Muna.
  5915 | D:7      | Reached skill level 5 in Spellcasting
  5915 | D:7      | Reached skill level 7 in Earth Magic
  5915 | D:7      | Reached XP level 8. HP: 55/55 MP: 10/14
  5986 | D:7      | Oozefury: как работает ифестейшн, надо повесить на врага а потом убить?
  5987 | D:7      | ololoev: да
  5987 | D:7      | ololoev: у тебя вкачался?
  5987 | D:7      | Oozefury: стоит того?
  5987 | D:7      | ololoev: это монстр-спелл
  5987 | D:7      | Oozefury: не вижу некрономикон
  5987 | D:7      | Oozefury: вижу*
  5987 | D:7      | Oozefury: думаю что покупать, некрономикон или пассаж голубрии или игнишн
  5987 | D:7      | ololoev: лол глупый вопрос
  5987 | D:7      | ololoev: инфестейшн конечно
  6012 | D:7      | Noticed a troll
  6042 | D:7      | Killed a troll
  6222 | D:7      | Found a burning altar of Makhleb.
  6494 | D:7      | Found an iron altar of Okawaru.
  6549 | D:7      | DEFE: а ты давно заходил в вк
  6549 | D:7      | ololoev: давно кстати
  6549 | D:7      | DEFE: в группу кравла?
  6549 | D:7      | ololoev: недели три не был
  6620 | D:7      | Found a shimmering altar of Xom.
  6620 | D:7      | Noticed a dream sheep
  6620 | D:7      | Noticed a dream sheep
  6620 | D:7      | Noticed a dream sheep
  6620 | D:7      | Noticed a dream sheep
  6620 | D:7      | Noticed a dream sheep
  6622 | D:7      | DEFE: бум!
  6622 | D:7      | ololoev: а черт
  6622 | D:7      | ololoev: зачем я это сделал
  6622 | D:7      | ololoev: ахаха
  6622 | D:7      | DEFE: ьеле
  6622 | D:7      | ololoev: да на самом деле нинужно
  6622 | D:7      | DEFE: 56
  6622 | D:7      | ololoev: она взорвется посте того, как я отойду
  6625 | D:7      | Killed a dream sheep
  6625 | D:7      | Killed a dream sheep
  6626 | D:7      | Killed a dream sheep
  6627 | D:7      | Killed a dream sheep
  6627 | D:7      | Killed a dream sheep
  6712 | D:7      | Noticed a yak
  6712 | D:7      | Noticed a yak
  6713 | D:7      | DEFE: успел
  6713 | D:7      | ololoev: итак
  6713 | D:7      | DEFE: яки
  6713 | D:7      | ololoev: если лрд кастанется то это будет убер дамаг
  6713 | D:7      | ololoev: 6д
  6713 | D:7      | ololoev: вместо 2д обычного
  6714 | D:7      | DEFE: ну так
  6714 | D:7      | ololoev: так
  6714 | D:7      | DEFE: 12 инты
  6714 | D:7      | ololoev: как-то слабовато с 12 инты
  6714 | D:7      | Reached skill level 8 in Earth Magic
  6715 | D:7      | DEFE: а дверь сколько дает?
  6716 | D:7      | ololoev: 2d тоже
  6716 | D:7      | ololoev: там металл 4д, если убиваешь кого-нибудь то от него 4д, кристальные стены 4д по-моему тоже, решетки 6д
  6724 | D:7      | DEFE: свинка быстрая
  6870 | D:7      | DEFE: 0.7
  6873 | D:7      | DEFE: ходит
  6873 | D:7      | Reached XP level 9. HP: 57/62 MP: 12/17
  6936 | D:7      | Reached skill level 9 in Earth Magic
  7061 | D:8      | Found a staircase to the Lair.
  7076 | D:8      | Found a snail-covered altar of Cheibriados.
  7078 | D:8      | DEFE: красный дракон крутой
  7080 | D:8      | DEFE: дракони
  7080 | D:8      | DEFE: д
  7080 | D:8      | DEFE: тобиш
  7080 | D:8      | ololoev: конжур флейм бесплатный
  7080 | D:8      | DEFE: причем у него конжур круче
  7080 | D:8      | DEFE: чем спелл
  7080 | D:8      | ololoev: в эрли это очень круто
  7080 | D:8      | DEFE: т.к. можно прямо на вражину ставить
  7080 | D:8      | ololoev: да
  7080 | D:8      | ololoev: плюс еще если болтом попадешь тоже дамаг вроде
  7082 | D:8      | DEFE: да
  7088 | D:8      | Learned a level 4 spell: Petrify
  7229 | D:8      | Found a hide-covered altar of Uskayaw.
  7320 | D:8      | Noticed galech's ghost (novice TrMo)
  7375 | D:8      | Reached * piety under Vehumet
  7375 | D:8      | Offered knowledge of Sting by Vehumet.
  7438 | D:8      | Noticed a rakshasa
  7438 | D:8      | ololoev: ой да идите вы в зад со своими ракшасами!
  7438 | D:8      | ololoev: на д8
  7779 | D:8      | DEFE: кстати сар опять играет
  7864 | D:8      | ololoev: сар скучный
  7864 | D:8      | DEFE: очень
  7869 | D:8      | DEFE: я всегда медитирую когда смотрю его
  7869 | D:8      | ololoev: он зиг то хоть раз нюхал?
  7885 | D:8      | Noticed a death knight
  7885 | D:8      | ololoev: или это необдуманный риск в трехрунке не нужен
  7885 | D:8      | DEFE: он почти 15% винрейта сделал
  7885 | D:8      | DEFE: как кстати посмотреть топ по винрейту?
  7885 | D:8      | ololoev: !lg * /won s=name o=/won
  7885 | D:8      | beem: Broken query near '/won'
  7885 | D:8      | ololoev: !lg * /won s=name x=max(/won)
  7885 | D:8      | beem: Broken query near '/won)'
  7885 | D:8      | ololoev: !lg * /won s=name x=max(won)
  7885 | D:8      | beem: Unknown field: won
  7885 | D:8      | ololoev: !lg * /won s=name
  7885 | D:8      | ololoev: вообще винрейт фигня
  7885 | D:8      | beem: 69734/8690696 games for *: 673/7684x comborobin [8.76%], 471/8372x Sharkman1231 [5.63%], 470/3625x Yermak [12.97%], 464/6247x 78291 [7.43%], 383/4553x Dynast [8.41%], 364/1518x bmfx [23.98%], 351/650x elliptic [54.00%], 345/1331x Manman [25.92%], 340/3255x johnnyzero [10.45%], 313/5744x nago [5.45%], 310/2054x MrPlanck [15.09%], 265/1214x kuniqs [21.83%], 256/12314x p0werm0de [2.08%], 253/2436x s...
  7885 | D:8      | ololoev: там будут всякие акки с 1 игрой и 1 победой
  7885 | D:8      | ololoev: надо чтобы игр было не меньше 100 или 500 например
  7885 | D:8      | ololoev: !lg * /won s=name o=%
  7885 | D:8      | beem: 69734/8690707 games for *: 1/1x barnacle [100.00%], 1/1x MAGICPHRAZES [100.00%], 1/1x 20170317 [100.00%], 1/1x Bonermania [100.00%], 1/1x Kinbote [100.00%], 1/1x Mihus [100.00%], 1/1x Dorado [100.00%], 1/1x Aramix [100.00%], 1/1x CrawlbaTheHutt [100.00%], 1/1x SIDESTEP [100.00%], 1/1x CaptainAwesome [100.00%], 1/1x TyZebra [100.00%], 1/1x CACOPHONY [100.00%], 1/1x fratres [100.00%], 1/1x AoryuPat...
  7885 | D:8      | ololoev: ну вот собственно
  8205 | D:2      | Killed Terence
  8395 | D:8      | DEFE: ну так как фильтр поставить
  8395 | D:8      | DEFE: от 500 игр
  8395 | D:8      | ololoev: да по-моему никак особо не поставить
  8395 | D:8      | DEFE: беда
  8395 | D:8      | ololoev: !lg * /won s=name o=% cdist(name)>500
  8395 | D:8      | beem: ERROR: aggregate functions are not allowed in WHERE
  8395 | D:8      | ololoev: не, походу никак
  8554 | D:8      | DEFE: прикол
  8557 | D:7      | DEFE: я пережил гнев веха
  8645 | D:7      | DEFE: он какой-то совсем слабый
  8645 | D:7      | DEFE: в начале
  8645 | D:7      | ololoev: так быстро?
  8645 | D:7      | DEFE: ага
  8645 | D:7      | ololoev: видимо от левела зависит длительность
  8645 | D:7      | DEFE: раз 10 пульнул меня чем-то типа троу фрост
  8647 | D:8      | DEFE: и все
  8706 | D:8      | ololoev: так
  8706 | D:8      | ololoev: ракшасу отбуксировал, дес найта отбуксировал
  8706 | D:8      | ololoev: остался тролль монк
  8706 | D:8      | ololoev: но от него убежать легко
  8753 | D:8      | Learned a level 3 spell: Conjure Flame
  8756 | D:8      | Learned a level 2 spell: Blink
  8928 | D:9      | Reached skill level 10 in Earth Magic
  8988 | D:9      | Found a staircase to the Orcish Mines.
  9096 | D:9      | Reached XP level 10. HP: 69/69 MP: 16/20
  9129 | D:9      | Noticed a two-headed ogre
  9200 | D:9      | Reached skill level 1 in Translocations
  9200 | D:9      | Reached skill level 1 in Fire Magic
  9358 | D:9      | Learned a level 3 spell: Mephitic Cloud
  9696 | D:9      | Reached ** piety under Vehumet
  9696 | D:9      | Offered knowledge of Freeze by Vehumet.
  9818 | D:9      | Found an ornate altar of the Wu Jian Council.
 10123 | D:9      | Killed a two-headed ogre
 10123 | D:9      | Reached skill level 5 in Conjurations
 10257 | D:9      | Learned a level 1 spell: Animate Skeleton
 10265 | D:9      | DEFE: десяки на д8
 10265 | D:9      | ololoev: бывает
 10265 | D:9      | ololoev: сейчас дикая хрень в данже порой творится
 10372 | D:9      | DEFE: ага
 10437 | D:9      | DEFE: к сачстю корпс рот их берет хорошо
 10542 | D:9      | DEFE: топовый спелл кстати
 10554 | D:10     | DEFE: второго уровня
 10554 | D:10     | ololoev: ага
 10554 | D:10     | ololoev: слоу и куча пойзона
 10554 | D:10     | Entered Level 10 of the Dungeon
 10579 | D:10     | Found a flagged portal.
 10604 | Bailey   | Entered a bailey
 10622 | Bailey   | DEFE: а самая тема
 10624 | Bailey   | DEFE: когда сам добываешь клауд иммун или рот иммун
 10677 | Bailey   | ololoev: хороший бейли
 10677 | Bailey   | ololoev: есть водичка глубокая, можно неугодных будет топить
 10910 | Bailey   | Offered knowledge of Inner Flame by Vehumet.
 10921 | Bailey   | Learned a level 3 spell: Inner Flame
 11401 | Bailey   | DEFE: а лол
 11406 | Bailey   | DEFE: так скелетон еще же лрд ломает
 11408 | Bailey   | DEFE: ся
 11411 | Bailey   | ololoev: кстати да, я чет не подумал
 11411 | Bailey   | DEFE: тройное комбо
 11411 | Bailey   | ololoev: и там лрд будет 4дХ
 11453 | Bailey   | Got a dazzling scale mail
 11593 | D:10     | Noticed Erica
 11720 | D:9      | Reached *** piety under Vehumet
 11720 | D:9      | Reached skill level 11 in Earth Magic
 11720 | D:9      | Reached XP level 11. HP: 43/74 MP: 7/22
 11754 | D:10     | Found Sedghuq's Weapon Emporium.
 11806 | D:10     | Killed Erica
 12164 | D:10     | Noticed a two-headed ogre
 12171 | D:10     | Killed a two-headed ogre
 12379 | D:10     | Found Haodgheh's Magic Scroll Shoppe.
 12387 | D:10     | Bought a scroll of fear for 52 gold pieces
 12387 | D:10     | Bought a scroll of remove curse for 45 gold pieces
 12387 | D:10     | Bought a scroll of teleportation for 45 gold pieces
 12387 | D:10     | Bought a scroll of blinking for 112 gold pieces
 12404 | D:10     | Bought a scroll of remove curse for 45 gold pieces
 12443 | D:10     | Noticed galech's ghost (journeyman TrMo)
 12483 | D:10     | Killed galech's ghost
 12504 | D:10     | Offered knowledge of Force Lance by Vehumet.
 12505 | D:10     | Noticed a green ugly thing
 12842 | D:10     | Found Koxtitoc's Book Emporium.
 13027 | D:10     | Noticed Fannar
 13194 | Orc:1    | Entered Level 1 of the Orcish Mines
 13602 | Orc:1    | Reached **** piety under Vehumet
 13606 | Orc:1    | Noticed a stone giant
 13649 | Lair:1   | Entered Level 1 of the Lair of Beasts
 13649 | Lair:1   | Noticed a seven-headed hydra
 13656 | Lair:1   | Killed a seven-headed hydra
 13656 | Lair:1   | Reached skill level 5 in Fire Magic
 13661 | Lair:1   | Offered knowledge of Dazzling Spray by Vehumet.
 13792 | Lair:1   | Reached skill level 12 in Earth Magic
 13828 | Lair:1   | Learned a level 1 spell: Apportation
 13895 | Lair:1   | You fall through a shaft!
 13913 | Lair:2   | Reached XP level 12. HP: 73/82 MP: 8/24
 14047 | Lair:2   | Found a staircase to the Snake Pit.
 14096 | Lair:2   | DEFE: а на л3 уже симулякры лол
 14096 | Lair:2   | DEFE: пойду умру в лабиринте
 14146 | Lair:2   | Reached skill level 1 in Fighting
 14248 | Lair:1   | Noticed a five-headed hydra
 14251 | Lair:1   | Killed a five-headed hydra
 14251 | Lair:1   | Reached skill level 1 in Short Blades
 14251 | Lair:1   | Reached skill level 1 in Armour
 14527 | Lair:1   | Found a snail-covered altar of Cheibriados.
 15114 | Lair:2   | Found a staircase to the Shoals.
 15949 | Lair:3   | Killed from afar by a lindwurm

Dungeon Overview and Level Annotations

Branches:
Dungeon (10/15)            Temple (1/1) D:5            Lair (3/6) D:8
 Shoals (0/4) Lair:2        Snake (0/4) Lair:2          Orc (1/2) D:9

Altars:
Cheibriados
Dithmenos
Elyvilon
Fedhas
Gozag
Hepliaklqana
Kikubaaqudgha
Makhleb
Nemelex Xobeh
Okawaru
Qazlal
Ru
Sif Muna
Trog
Uskayaw
Vehumet
Wu Jian
Xom
Yredelemnul
Zin
The Shining One

Shops:
D:10 ?:(

Annotations:
D:4 Gildeon's ghost, amateur GrFi
D:8 galech's ghost, novice TrMo
D:10 Fannar


Message History

Unknown command.
Unknown command.
Unknown command.
Unknown command.
Casting: Lee's Rapid Deconstruction (safe; 1% risk of failure)
Confirm with . or Enter, or press ? or * to list all spells.
Aiming: Sandblast (safe; 1% risk of failure)
Press: ? - help, Shift-Dir - straight line, f - lindwurm
Aim: a lindwurm (moderately wounded)
The blast of sand hits the lindwurm.
The lindwurm is moderately wounded.
b - 69 stones
Casting: Sandblast (safe; 1% risk of failure)
Confirm with . or Enter, or press ? or * to list all spells.
Aiming: Sandblast (safe; 1% risk of failure)
Press: ? - help, Shift-Dir - straight line, f/p - lindwurm
Aim: a lindwurm (moderately wounded)
The blast of sand misses the lindwurm.
b - 68 stones
Casting: Sandblast (safe; 1% risk of failure)
Confirm with . or Enter, or press ? or * to list all spells.
Aiming: Sandblast (safe; 1% risk of failure)
Press: ? - help, Shift-Dir - straight line, f/p - lindwurm
Aim: a lindwurm (moderately wounded)
The blast of sand hits the lindwurm.
The lindwurm is heavily wounded.
b - 67 stones
Casting: Sandblast (safe; 1% risk of failure)
Confirm with . or Enter, or press ? or * to list all spells.
Aiming: Mephitic Cloud (safe; 1% risk of failure)
Press: ? - help, Shift-Dir - straight line, f/p - lindwurm
Aim: a lindwurm (heavily wounded)
The ball explodes into a vile cloud!
The stinking cloud engulfs the lindwurm.
The lindwurm is heavily wounded.
You hear a loud, deep croak!
The lindwurm is engulfed in noxious fumes.
The lindwurm bites you but does no damage.
The lindwurm claws you! The lindwurm barely misses you.
Unknown command.
Unknown command.
Unknown command.
Unknown command.
Unknown command.
Unknown command.
Casting: Mephitic Cloud (safe; 1% risk of failure)
Confirm with . or Enter, or press ? or * to list all spells.
Aiming: Mephitic Cloud (safe; 1% risk of failure)
Press: ? - help, Shift-Dir - straight line, f/p - lindwurm
Aim: a lindwurm (heavily wounded)
The ball explodes into a vile cloud!
The stinking cloud engulfs the lindwurm.
The lindwurm is heavily wounded.
The stinking cloud engulfs you!
The lindwurm is engulfed in noxious fumes.
The lindwurm breathes flames at you. The blast of flame hits you!
Unknown command.
Unknown command.
Unknown command.
Press: ? - help, v - describe, . - travel
Here: a lindwurm (noxious fumes, heavily wounded, catching its breath)
The floor.
Casting: Mephitic Cloud (safe; 1% risk of failure)
Confirm with . or Enter, or press ? or * to list all spells.
Aiming: Sandblast (safe; 1% risk of failure)
Press: ? - help, Shift-Dir - straight line, f/p - lindwurm
Aim: a lindwurm (noxious fumes, heavily wounded, catching its breath)
The blast of sand hits the lindwurm.
The lindwurm is heavily wounded.
b - 66 stones The lindwurm is engulfed in noxious fumes.
The lindwurm bites you!
The lindwurm claws you but does no damage.
The lindwurm claws you.
Okay, then.
You feel better. The lindwurm breathes flames at you.
The blast of flame hits you!
You die...

You could see a lindwurm.

Vanquished Creatures
  The ghost of galech the Grappler, a journeyman TrMo of Hepliaklqana (D:10)
  2 hydras (Lair:1)
  Erica (D:10)
  2 two-headed ogres
  3 torpor snails (Lair:1)
  2 spiny frogs
  A centaur skeleton (D:10)
  A komodo dragon (Lair:2)
  A troll (D:7)
  5 hippogriffs
  11 yaks
  A wyvern (D:8)
  A wraith (D:10)
  2 hogs (D:7)
  A human (D:7)
  2 basilisks (Lair:2)
  3 wargs (D:9)
  3 nagas (Lair:2)
  2 water moccasins (Lair:2)
  A porcupine (Lair:2)
  A necrophage (D:9)
  A sky beast (D:8)
  6 orc warriors
  4 ice beasts
  A black bear (D:10)
  12 ogres
  A centaur (D:8)
  A big kobold (D:9)
  3 crocodiles
  12 bullfrogs
  9 gnoll sergeants
  A scorpion (D:9)
  6 killer bees (D:9)
  8 wights
  4 electric eels (Lair:2)
  A crimson imp (D:9)
  A bullfrog zombie (D:6)
  6 gnoll shamans (Bailey)
  6 hounds
  3 orc priests
  9 orc wizards
  A bullfrog skeleton (D:5)
  2 jellies
  7 iguanas
  Ijyb (D:3)
  Terence (D:2)
  4 worker ants
  22 gnolls
  A howler monkey skeleton (D:7)
  7 adders
  3 shadow imps
  2 oozes
  An adder skeleton (D:4)
  A worm (D:3)
  2 dart slugs
  6 leopard geckos
  22 orcs
  5 giant cockroaches
  8 goblins
  5 hobgoblins
  11 jackals
  11 kobolds
  3 quokkas
  A ball python (D:3)
  16 bats
  7 frilled lizards
  A quokka skeleton (D:5)
  9 rats
302 creatures vanquished.

Vanquished Creatures (collateral kills)
  A spiny frog (Lair:1)
  3 blink frogs (Lair:1)
  A water moccasin (Lair:1)
  An orc (D:10)
  2 fungi (Lair:2)
  A plant (Lair:2)
9 creatures vanquished.

Vanquished Creatures (others)
  5 dream sheep (D:7)
  A fungus (Lair:2)
  A plant (Lair:3)
7 creatures vanquished.

Grand Total: 318 creatures vanquished

Action                   |  1- 3 |  4- 6 |  7- 9 | 10-12 || total
-------------------------+-------+-------+-------+-------++-------
Melee: Dagger            |    74 |       |       |     5 ||    79
       Spear             |    87 |   140 |   118 |    87 ||   432
Throw: Stone             |       |       |     1 |       ||     1
 Cast: Sandblast         |    12 |    61 |   103 |   210 ||   386
       Passwall          |       |     1 |       |     3 ||     4
       Lee's Rapid Decon |       |       |    25 |    73 ||    98
       Stone Arrow       |       |       |     6 |    16 ||    22
       Petrify           |       |       |     2 |     4 ||     6
       Mephitic Cloud    |       |       |       |    36 ||    36
       Animate Skeleton  |       |       |       |    20 ||    20
       Inner Flame       |       |       |       |    11 ||    11
       Blink             |       |       |       |    11 ||    11
       Apportation       |       |       |       |     3 ||     3
       Conjure Flame     |       |       |       |     1 ||     1
Evoke: Wand              |       |       |     6 |    19 ||    25
       Lightning rod     |       |       |       |     4 ||     4
  Use: Scroll            |       |     5 |     4 |    11 ||    20
       Potion            |       |     4 |       |     4 ||     8
 Stab: Sleeping          |     5 |     2 |       |       ||     7
       Confused          |       |       |       |     2 ||     2
       Petrified         |       |       |       |     4 ||     4
  Eat: Chunk             |    23 |    29 |    38 |    73 ||   163
       Ration            |       |       |       |     2 ||     2
Armor: Robe              |    37 |    23 |     6 |       ||    66
       Troll leather arm |       |       |    26 |    48 ||    74
Dodge: Dodged            |   111 |   125 |    96 |   141 ||   473
Block: Other             |       |       |     2 |    46 ||    48
       Reflection        |       |       |       |     3 ||     3

Vault maps used:
D:1:      arrival_zaba_pyramid
D:3:      minmay_hedge_maze, trog_book, uniq_ijyb, uniq_terence
D:4:      grunt_temple_overflow_opulence, grunt_temple_overflow_open
D:5:      temple_doors_ab, first_ration
D:6:      tgw_sif, kennysheep_minor_cross
D:7:      nicolae_overflow_crystal_walls, makhleb_heckhound_becter,
          grunt_livestock, nicolae_benzene_ring, kb_xom_exploding_sheep
D:8:      hangedman_cross_stitches, overflow_temple_1_default,
          lemuel_doored_altar, nicolae_dithmenos_the_darkroom, lair_entry_dummy
D:9:      kennysheep_ambush_hall, david_orc_3, basic_altar
D:10:     enter_bailey_3, serial_shops, shop, shop, shop,
          kennysheep_small_square, uniq_erica, uniq_fannar
Temple:   nicolae_temple_figure_zero
Lair:1:   st_stairs_6, kennysheep_snail_temple
Lair:2:   elwin_shoals_entry_rocks, guppyfry_snake_entry_garden,
          nicolae_quartered_pool_medium, serial_bayou_shore_a
Lair:3:   st_stairs_5, minmay_lair_oklob_items, lemuel_fruit_fields,
          infiniplex_staircase_pool, serial_bayou_shore_b
Bailey:   bailey_polearm_gnolls_kennysheep, bailey
